 Dungeon Crawl Stone Soup version 0.28-a0-1594-ga885d4b3d6 (webtiles) character file.

Game seed: 1322879672560205305

660 vineage the Skirmisher (level 7, 0/47 HPs)
             Began as a Gargoyle Fighter on Jan 20, 2022.
             Was an Initiate of Okawaru.
             Slain by Joseph (2 damage)
             ... on level 7 of the Dungeon.
             The game lasted 00:04:31 (4765 turns).

vineage the Skirmisher (Gargoyle Fighter)           Turns: 4765, Time: 00:04:32

Health: 0/47       AC: 15    Str: 19    XL:     7   Next: 56%
Magic:  7/7        EV:  9    Int:  9    God:    Okawaru [......]
Gold:   170        SH:  6    Dex: 11    Spells: 6/6 levels left

rFire   . . .      SeeInvis .   a - +1 flail (flame)
rCold   . . .      Faith    .   c - +1 buckler
rNeg    + + .      Spirit   .   b - +0 scale mail
rPois   ∞          Reflect  .   (no helmet)
rElec   +          Harm     .   k - +0 cloak
rCorr   .          Rampage  .   r - +0 pair of gloves
Will    .....                   i - +0 pair of boots
Stlth   ..........              (no amulet)
HPRegen 0.15/turn               e - ring of positive energy
MPRegen 0.10/turn               h - ring of flight

@: flying
A: sickness immunity, AC +4, negative energy resistance 1, electricity
resistance, torment resistance 1, petrification resistance
a: Renounce Religion


You were on level 7 of the Dungeon.
You worshipped Okawaru.
Okawaru was noncommittal.
You visited 2 branches of the dungeon, and saw 6 of its levels.

You collected 170 gold pieces.

Inventory:

Hand Weapons
 a - a +1 flail of flaming (weapon)
Armour
 b - a +0 scale mail (worn)
 c - a +1 buckler (worn)
 i - a +0 pair of boots (worn)
 k - a +0 cloak (worn)
 r - a +0 pair of gloves (worn)
Jewellery
 e - a ring of positive energy (left hand)
 h - a ring of flight (right hand)
 l - a ring of resist corrosion
 q - a ring of ice
Wands
 j - a wand of flame (19)
Potions
 d - a potion of heal wounds {unknown}
 f - a potion of haste {unknown}
 g - a potion of brilliance
 m - a potion of flight
 p - a potion of mutation {unknown}


   Skills:
 * Level 6.4 Fighting
 + Level 4.0 Maces & Flails
 + Level 5.0 Armour
 + Level 5.1 Shields


You had 6 spell levels left.
You didn't know any spells.
Your spell library contained the following spells:

 Spells                   Type           Power      Damage    Failure   Level
 Stone Arrow              Conj/Erth      0%         3d7       99%         3
 Lehudib's Crystal Spear  Conj/Erth      0%         10d2      100%        8
 Animate Armour           Summ/Erth      Unusable   N/A       N/A         4

Dungeon Overview and Level Annotations

Branches:
Dungeon (7/15)             Temple (1/1) D:4

Altars:
Ashenzari
Dithmenos
Gozag
Hepliaklqana
Nemelex Xobeh
Okawaru
Qazlal
Ru
Sif Muna
Trog
Xom
Beogh

Annotations:
D:7 Joseph


Innate Abilities, Weirdness & Mutations

You are immune to sickness and miasma.
Your stone body is resilient. (AC +4)
You are immune to poison.
You resist negative energy. (rN+)
You are resistant to electric shocks. (rElec)
You are resistant to unholy torment.
You are immune to petrification.


Message History

No target in view!
No target in view!
No target in view!
No target in view!
No target in view!
No target in view!
No target in view!
No target in view!
HP restored.
Joseph, a Mercenary comes into view.
He is wielding a +0 quarterstaff of speed.
Joseph shouts!
Joseph unwields a +0 quarterstaff of speed.
Joseph wields a +0 hunting sling.
Joseph shoots a sling bullet.
The sling bullet barely misses you.
Joseph shoots a sling bullet.
The sling bullet hits you!
Joseph is nearby!
Joseph shoots a sling bullet.
The sling bullet hits you!
There is a shaft here.
Joseph shoots a sling bullet.
The sling bullet hits you.
Joseph is nearby!
As you read the scroll labelled BIOHU MOEVAA, it crumbles to dust.
It is a scroll of enchant weapon.
Your +0 flail of flaming glows red for a moment.
Joseph shoots a sling bullet.
The sling bullet barely misses you.
Okay, then.
Joseph shoots a sling bullet.
The sling bullet hits you!
* * * LOW HITPOINT WARNING * * *
Joseph shoots a sling bullet.
The sling bullet hits you.
* * * LOW HITPOINT WARNING * * *
Joseph screams, "I'm going to kill you!
Now!"
Joseph shoots a sling bullet.
The sling bullet hits you.
* * * LOW HITPOINT WARNING * * *
Joseph unwields a +0 hunting sling.
Joseph wields a +0 quarterstaff of speed.
You block Joseph's attack.
You barely miss Joseph.
Joseph hits you with a +0 quarterstaff of speed.
* * * LOW HITPOINT WARNING * * *
Joseph hits you with a +0 quarterstaff of speed.
You die...

#..........#
#####..........#
##..............#
#..###..........#
#...............#
#..PP..........##
#..P.P........##
#..PPP..#.#####
##......#@#
########@####
#....# ####^# #.#
### #.####....
##......#
########....####
##...##)..#@##


You could see Joseph.

Vanquished Creatures
  Sigmund (D:2)
  The ghost of gruber the Conjurer, an amateur DrCj (D:3)
  A water moccasin skeleton (D:7)
  Crazy Yiuf (D:3)
  An orc priest (D:3)
  Natasha (thrice) (D:3)
  An orc wizard (D:3)
  Robin (D:3)
  6 adders
  3 gnolls (D:2)
  An ufetubus (D:7)
  A worm (D:3)
  A dart slug (D:4)
  14 orcs
  6 ball pythons
  6 bats
  7 endoplasms
  3 giant cockroaches
  18 goblins
  7 hobgoblins
  4 quokkas
  A frilled lizard (D:1)
  3 kobolds
  6 rats
  A spectral goblin (D:1)
98 creatures vanquished.

Notes
Turn   | Place    | Note
-------+----------+-------------------------------------------
     0 | D:1      | vineage the Gargoyle Fighter began the quest for the Orb.
     0 | D:1      | Reached XP level 1. HP: 14/14 MP: 1/1
    90 | D:1      | Reached XP level 2. HP: 19/19 MP: 2/2
   351 | D:1      | Found a faded altar of an unknown god.
   976 | D:2      | Reached XP level 3. HP: 20/24 MP: 3/3
  1280 | D:2      | Noticed Sigmund
  1281 | D:2      | Found a bloodstained altar of Trog.
  1295 | D:2      | Reached skill level 4 in Fighting
  1295 | D:2      | HP: 1/24 [Sigmund (11)]
  1299 | D:2      | Killed Sigmund
  1300 | D:2      | Reached skill level 5 in Fighting
  1300 | D:2      | Reached XP level 4. HP: 1/31 MP: 4/4
  1300 | D:2      | Reached XP level 5. HP: 2/35 MP: 5/5
  1894 | D:2      | Reached XP level 6. HP: 36/40 MP: 6/6
  2130 | D:3      | Found a runed translucent gate.
  2131 | D:3      | Found a runed translucent gate.
  2131 | D:3      | Found a runed translucent gate.
  2131 | D:3      | Noticed gruber's ghost (amateur DrCj)
  2134 | D:3      | Identified the +5 dagger "Sodoesch" {freeze, Str+4}
  2774 | D:3      | Noticed Robin
  2790 | D:3      | Killed Robin
  3218 | D:3      | Noticed Natasha
  3224 | D:3      | Killed Natasha
  3522 | D:3      | Found a runed translucent door.
  3523 | D:3      | Noticed Crazy Yiuf
  3702 | D:3      | Noticed Natasha
  3706 | D:3      | Killed Natasha
  3775 | D:3      | Reached XP level 7. HP: 42/45 MP: 7/7
  3806 | D:3      | Killed gruber's ghost
  3807 | D:3      | Reached skill level 6 in Fighting
  4051 | D:3      | Noticed Natasha
  4061 | D:3      | Killed Natasha
  4062 | D:3      | Reached skill level 5 in Shields
  4104 | D:3      | Killed Crazy Yiuf
  4105 | D:3      | Reached skill level 5 in Armour
  4313 | D:4      | Found a staircase to the Ecumenical Temple.
  4319 | Temple   | Entered the Ecumenical Temple
  4548 | Temple   | Became a worshipper of Warmaster Okawaru
  4632 | D:4      | You are sucked into a shaft and drop 3 floors!
  4643 | D:7      | Found Yrec's Assorted Antiques.
  4742 | D:7      | Noticed Joseph
  4765 | D:7      | HP: 2/47 [Joseph (3)]
  4765 | D:7      | Slain by Joseph

Illustrated notes

Levels and vault maps discovered:
D:1:      roderic_crop_circles_arrival_small, layout_loops_ring,
          dreamdust_ecumenical_altar_drowned_temple
D:2:      layout_loops_ring, basic_altar, uniq_sigmund
D:3:      layout_loops_corners, biasface_ghost_orc_armoury, chequers_garden,
          uniq_robin, uniq_natasha, uniq_crazy_yiuf_cottage
D:4:      layout_loops_ring, minmay_temple_entry_statues_fountains
D:7:      layout_rooms, zin_treasury, gammafunk_ghost_necromancy, serial_shops,
          nicolae_shop_overgrown_old_shop, kennysheep_big_empty_room,
          columned_hall_lemuel, uniq_joseph
Temple:   jpeg_temple_alley_garden

Skill      XL: |  1  2  3  4  5  6  7 |
---------------+----------------------+-----
Fighting       | 5 6 |  6.4
Maces & Flails | 3 4 |  4.0
Armour         | 4 5 |  5.0
Shields        | 4 5 |  5.1

Action                   |  1- 3 |  4- 6 |  7- 9 || total
-------------------------+-------+-------+-------++-------
Melee: Flail             |    78 |   192 |    64 ||   334
  Use: Scroll            |     1 |     4 |     1 ||     6
       Potion            |     1 |       |     1 ||     2
Armor: Scale mail        |    48 |   116 |    23 ||   187
       Skin              |       |       |    17 ||    17
Dodge: Dodged            |    29 |   126 |    23 ||   178
Block: Buckler           |    12 |    62 |    18 ||    92

Table legend: (Time is in decaauts)
 A = Elapsed time spent in this place.
 B = Non-inter-level travel time spent in this place.
 C = Inter-level travel time spent in this place.
 D = Time resting spent in this place.
 E = Time spent auto-exploring this place.
 F = Levels seen in this place.
 G = Mean time per level.
                   A        B        C        D        E       F      G
               +--------+--------+--------+--------+--------+-----+--------+
         Total |   4879 |   4625 |    254 |    908 |   2868 |   6 |  813.2 |
       Dungeon |   4612 |   4448 |    164 |    908 |   2699 |   5 |  922.4 |
        Temple |    266 |    176 |     90 |      0 |    169 |   1 |  266.0 |
               +--------+--------+--------+--------+--------+-----+--------+

Top non-repeatable levels by time:
     D:3: 1792 daAuts
     D:2: 1645 daAuts
     D:1: 986 daAuts
  Temple: 266 daAuts
     D:7: 135 daAuts
     D:4: 53 daAuts
